 Dungeon Crawl Stone Soup version 0.28-a0-230-g086cc6695f (webtiles) character file.

Game seed: 14404764150730220806

69044 MacCMillion the Gelid (level 15, -17/108 HPs)
             Began as a Merfolk Ice Elementalist on Aug 21, 2021.
             Was a High Priest of Sif Muna.
             Demolished by Donald (36 damage)
             ... on level 1 of the Orcish Mines on Aug 22, 2021.
             The game lasted 02:38:03 (35574 turns).

MacCMillion the Gelid (Merfolk Ice Elementalist)   Turns: 35574, Time: 02:38:03

Health: -17/108    AC: 21    Str: 13    XL:     15   Next: 28%
Magic:  11/24      EV: 13    Int: 16    God:    Sif Muna [*****.]
Gold:   1417       SH: 10    Dex: 15    Spells: 1/26 levels left

rFire   . . .      SeeInvis +   a - +4 trident (venom)
rCold   . . .      Faith    .   k - +0 buckler
rNeg    . . .      Spirit   .   V - +2 scale mail {rPois}
rPois   +          Reflect  +   S - +2 helmet {SInv}
rElec   .          Harm     .   R - +1 cloak
rCorr   .          Rampage  .   p - +1 pair of gloves
Will    ++...                   w - +0 pair of boots
Stlth   ++........              l - amulet of reflection
HPRegen 0.28/turn               W - ring of willpower
MPRegen 0.19/turn               F - +4 ring of slaying

@: ice-armoured, freezing walls
A: (nimble swimmer 2), mertail
a: Renounce Religion, Channel Magic, Forget Spell, Divine Exegesis


You were on level 1 of the Orcish Mines.
You worshipped Sif Muna.
Sif Muna was extremely pleased with you.
You visited 3 branches of the dungeon, and saw 18 of its levels.
You also visited: Bailey.

You collected 2248 gold pieces.
You spent 831 gold pieces at shops.

Inventory:

Hand Weapons
 a - a +4 trident of venom (weapon)
 b - a +2 vorpal trident
 x - a +5 halberd
 J - the +4 spear of Indomitability {pain, rCorr}
   (You found it on level 6 of the Lair of Beasts)

   In the hands of one skilled in necromantic magic, it inflicts extra damage on
   living creatures.
   rCorr:     It protects you from acid and corrosion.
 N - a +2 halberd of electrocution
Armour
 k - a +0 buckler (worn)
 m - +0 acid dragon scales
 p - a +1 pair of gloves (worn)
 w - a +0 pair of boots (worn)
 A - a +0 tower shield
 R - a +1 cloak (worn)
 S - a +2 helmet of see invisible (worn)
 V - a +2 scale mail of poison resistance (worn)
Magical Staves
 c - a staff of conjuration
Jewellery
 l - an amulet of reflection (around neck)
 t - a +6 ring of dexterity
 v - a ring of fire
 C - a ring of willpower
 E - an amulet of magic regeneration
 F - a +4 ring of slaying (right hand)
 G - a ring of protection from cold
 W - a ring of willpower (left hand)
Wands
 e - a wand of polymorph (7)
 i - a wand of paralysis (4)
 y - a wand of charming (7)
 O - a wand of digging (8)
 Q - a wand of iceblast (24)
Scrolls
 d - 2 scrolls of fear
 h - a scroll of fog
 o - a scroll of enchant weapon {unknown}
 r - 4 scrolls of amnesia
 s - 2 scrolls of enchant armour
 u - 4 scrolls of identify
 z - a scroll of blinking
 B - 4 scrolls of magic mapping
 I - a scroll of summoning {unknown}
 L - 8 scrolls of teleportation
 T - 3 scrolls of silence
Potions
 f - 3 potions of haste
 g - 2 potions of flight
 j - 7 potions of curing
 n - a potion of magic
 q - a potion of heal wounds
 D - a potion of ambrosia
 H - a potion of lignification
 K - 6 potions of mutation
 M - 2 potions of cancellation
 P - 4 potions of attraction
 Z - a potion of berserk rage


   Skills:
 + Level 7.5 Fighting
 - Level 15.1 Polearms
 + Level 2.9 Armour
 * Level 11.0 Dodging
 - Level 5.0 Stealth
 - Level 4.0 Shields
 + Level 6.2 Spellcasting
 - Level 7.0 Conjurations
 - Level 5.0 Hexes
 - Level 6.0 Summonings
 * Level 16.7 Ice Magic
 - Level 3.0 Air Magic


You had one spell level left.
You knew the following spells:

 Your Spells              Type           Power      Damage    Failure   Level
a - Freeze                Ice            100%       1d11      1%          1
b - Frozen Ramparts       Ice            100%       1d12      1%          3
c - Ozocubu's Armour      Ice            56%        N/A       1%          3
d - Hailstorm             Conj/Ice       43%        3d10      4%          4
e - Summon Ice Beast      Ice/Summ       41%        N/A       5%          4
f - Metabolic Englaciati  Hex/Ice        19%        N/A       19%         5
g - Freezing Cloud        Conj/Ice/Air   16%        6-21      41%         5

Your spell library contained the following spells:

 Spells                   Type           Power      Damage    Failure   Level
 Summon Small Mammal      Summ           96%        N/A       5%          1
 Foxfire                  Conj/Fire      64%        2x1d7     14%         1
 Animate Skeleton         Necr           8%         N/A       52%         1
 Pain                     Necr           16%        1d4       52%         1
 Sandblast                Erth           8%         2d5       52%         1
 Ensorcelled Hibernation  Hex/Ice        78%        N/A       1%          2
 Call Imp                 Summ           24%        N/A       8%          2
 Slow                     Hex            20%        N/A       12%         2
 Static Discharge         Conj/Air       20%        N/A       12%         2
 Call Canine Familiar     Summ           24%        N/A       16%         3
 Summon Guardian Golem    Hex/Summ       22%        N/A       19%         3
 Confusing Touch          Hex            20%        N/A       24%         3
 Tukima's Dance           Hex            20%        N/A       24%         3
 Conjure Flame            Conj/Fire      16%        6-21      41%         3
 Corpse Rot               Necr/Air       N/A        N/A       45%         2
 Poisonous Vapours        Pois/Air       18%        N/A       45%         2
 Fulminant Prism          Conj/Hex       12%        3d9       45%         4
 Ozocubu's Refrigeration  Ice            28%        4d10      45%         7
 Swiftness                Air            14%        N/A       47%         3
 Inner Flame              Hex/Fire       12%        N/A       54%         3
 Portal Projectile        Hex/Tloc       24%        N/A       54%         3
 Passwall                 Tmut/Erth      3%         N/A       67%         2
 Summon Lightning Spire   Summ/Air       19%        N/A       67%         4
 Airstrike                Air            7%         N/A       87%         4
 Summon Mana Viper        Hex/Summ       22%        N/A       87%         5
 Vampiric Draining        Necr           2%         2d6       88%         3
 Lightning Bolt           Conj/Air       10%        1d23      91%         5
 Simulacrum               Ice/Necr       15%        N/A       96%         6
 Silence                  Hex/Air        8%         N/A       97%         5
 Petrify                  Tmut/Erth      4%         N/A       99%         4
 Blade Hands              Tmut           2%         N/A       100%        5
 Excruciating Wounds      Necr           2%         N/A       100%        5
 Lee's Rapid Deconstruct  Erth           2%         3d5*      100%        5
 Invisibility             Hex            10%        N/A       100%        6
 Statue Form              Tmut/Erth      2%         N/A       100%        6
 Monstrous Menagerie      Summ           12%        N/A       100%        7
 Summon Hydra             Summ           12%        N/A       100%        7
 Maxwell's Capacitive Co  Air            7%         ∞         100%        8
 Summon Horrible Things   Summ           12%        N/A       100%        8
 Polar Vortex             Ice            28%        N/A       100%        9


Dungeon Overview and Level Annotations

Branches:
Dungeon (10/15)            Temple (0/1) D:7            Lair (6/6) D:8
  Swamp (0/4) Lair:3        Snake (0/4) Lair:3        Slime (0/5) Lair:5
    Orc (2/2) D:10         Bailey (visited)
    Elf: Orc:2

Altars:
Cheibriados
Hepliaklqana
Sif Muna
Vehumet
Wu Jian
Xom
Zin
Jiyva

Shops:
D:1 :   D:2 !   D:4 [   D:5 [   D:6 *   D:7 =!

Annotations:
D:3 Terence
D:4 Grinder, Menkaure
Lair:6 exclusion: oklob plant
Orc:1 Donald


Innate Abilities, Weirdness & Mutations

((You are quick and stealthy near water. (Stealth+, EV+, Speed+++)))
Your lower body shifts to a powerful aquatic tail in water.


Message History

@The_monster says, "My @_fruit_name_@ was very bland!
I hate that."
Donald hits you with a +2 long sword of protection.
* * * LOW HITPOINT WARNING * * *
Donald blocks your attack.
Donald is severely wounded.
The wall freezes Donald.
Donald casts a spell.
Donald seems to grow stronger.
You hit Donald but do no damage.
Donald looks as sick as possible!
Donald is severely wounded.
The wall freezes Donald.
Donald says, "I hate spells."
You block Donald's attack.
Unknown command.
You hit Donald but do no damage.
Donald is almost dead.
The wall freezes Donald.
You block Donald's attack.
Unknown command.
Donald blocks your attack.
Donald is almost dead.
You barely miss Donald.
Donald is almost dead.
The wall freezes Donald.
Donald hits you with a +2 long sword of protection!
* * * LOW HITPOINT WARNING * * *
Press: ? - help, v - describe, . - travel
Here: Donald, wielding a +2 long sword of protection, wearing a +0 crystal plate armour and wearing a +0 kite shield of reflection (almost dead, fast, strong, extremely poisoned)
The floor.
Unknown command.
Unknown command.
Press: ? - help, v - describe, . - travel
Here: Donald, wielding a +2 long sword of protection, wearing a +0 crystal plate armour and wearing a +0 kite shield of reflection (almost dead, fast, strong, extremely poisoned)
The floor.
Unknown command.
Casting: Ozocubu's Armour (safe; 1% risk of failure)
Confirm with . or Enter, or press ? or * to list all spells.
Your icy armour thickens.
The wall freezes Donald.
Donald hits you with a +2 long sword of protection!!!
You die...

##### ####.#.##
##.#.....###
#...##..##.##
##......#@@.#
##.......#.##
#..........##
##...)#......##
###....###......##
#......###.......##
#......##.........#
#
#.....##.........##
##
###.............##


You could see Donald (fast, strong, extremely poisoned).

Vanquished Creatures
  Snorg (Lair:3)
  An ettin (Orc:1)
  Harold (D:7)
  2 hydras
  2 boulder beetles
  4 catoblepae
  A deep troll shaman (Lair:6)
  10 death yaks
  A lindwurm (Lair:6)
  2 orc knights
  Maurice (Orc:1)
  20 elephants
  17 black mambas
  22 cane toads
  A gargoyle (D:10)
  8 rime drakes
  11 komodo dragons
  3 polar bears
  A hornet (D:9)
  7 dream sheep
  32 blink frogs
  A wraith (D:7)
  Eustachio (D:6)
  5 wyverns
  47 yaks
  4 basilisks
  2 steam dragons
  2 vampire mosquitoes (D:9)
  A swamp worm (Lair:3)
  2 acid dragons
  2 wargs
  22 water moccasins
  11 orc warriors
  A sky beast (D:8)
  A necrophage (D:3)
  6 ogres
  5 black bears
  20 wolves
  8 centaurs
  A phantom (D:4)
  4 kobold brigands
  4 scorpions
  8 bullfrogs
  4 gnoll sergeants
  A water moccasin zombie (D:5)
  A wyvern skeleton (D:6)
  A water moccasin skeleton (D:5)
  11 killer bees
  14 wights
  A howler monkey (D:9)
  5 centaur zombies
  An iron imp (D:7)
  3 hounds
  2 jellies (D:6)
  12 orc priests
  A bullfrog skeleton (D:6)
  3 iguanas (D:4)
  11 orc wizards
  2 howler monkey zombies (D:9)
  Robin (D:2)
  8 adders
  33 gnolls
  3 white imps
  An ufetubus (D:6)
  5 worms
  A dart slug (D:1)
  31 orcs
  7 ball pythons
  10 endoplasms
  4 giant cockroaches
  15 goblins
  21 hobgoblins
  4 jackals
  A quokka (D:3)
  7 bats
  2 frilled lizards
  19 kobolds
  6 rats
558 creatures vanquished.

Vanquished Creatures (collateral kills)
  A death yak (Lair:4)
1 creature vanquished.

Vanquished Creatures (others)
  A wizard (D:9)
  A white imp (D:7)
  33 fungi
  47 plants
82 creatures vanquished.

Grand Total: 641 creatures vanquished

Notes
Turn   | Place    | Note
-------+----------+-------------------------------------------
     0 | D:1      | MacCMillion the Merfolk Ice Elementalist began the quest
                  | for the Orb.
     0 | D:1      | Reached XP level 1. HP: 13/13 MP: 3/3
   394 | D:1      | Found Enud's Book Shoppe.
   463 | D:1      | Reached XP level 2. HP: 19/19 MP: 1/5
   556 | D:1      | Found a faded altar of an unknown god.
   758 | D:1      | Reached skill level 5 in Ice Magic
  1293 | D:1      | Reached XP level 3. HP: 19/24 MP: 4/6
  1297 | D:1      | Learned a level 3 spell: Frozen Ramparts
  1439 | D:2      | Found a glowing silver altar of Zin.
  1835 | D:2      | Noticed Robin
  1854 | D:2      | Killed Robin
  1855 | D:2      | Reached skill level 6 in Ice Magic
  1855 | D:2      | Reached XP level 4. HP: 23/30 MP: 1/7
  2014 | D:2      | Found Qogeur's Distillery.
  2018 | D:2      | Bought a potion of curing for 39 gold pieces
  2719 | D:2      | Reached XP level 5. HP: 9/35 MP: 0/8
  3245 | D:3      | Reached skill level 7 in Ice Magic
  3959 | D:2      | Bought a potion of heal wounds for 65 gold pieces
  4080 | D:3      | Reached skill level 1 in Fighting
  4169 | D:3      | Reached skill level 1 in Polearms
  4563 | D:3      | Noticed Terence
  4688 | D:3      | You fall into a shaft and drop 1 floor!
  4688 | D:4      | Found a shimmering altar of Xom.
  4688 | D:4      | Found a shimmering altar of Xom.
  4688 | D:4      | Found a shimmering altar of Xom.
  4688 | D:4      | Found a shimmering altar of Xom.
  4715 | D:4      | Noticed a necrophage
  4745 | D:3      | Killed a necrophage
  4746 | D:3      | Reached XP level 6. HP: 33/44 MP: 9/9
  4900 | D:4      | Noticed a black bear
  5084 | D:4      | Killed a black bear
  5208 | D:4      | Reached skill level 5 in Polearms
  5361 | D:4      | Noticed Menkaure
  5413 | D:4      | Reached skill level 1 in Summonings
  5413 | D:4      | Reached XP level 7. HP: 25/52 MP: 4/10
  5945 | D:4      | Found Wekyiwas's Armour Shop.
  5950 | D:4      | Noticed Grinder
  6303 | D:5      | Entered Level 5 of the Dungeon
  6614 | D:4      | Learned a level 3 spell: Ozocubu's Armour
  6653 | D:5      | Found Pelutacu's Antique Armour Shoppe.
  7644 | D:5      | Reached XP level 8. HP: 41/58 MP: 3/11
  8299 | D:5      | Reached skill level 5 in Summonings
  9096 | D:6      | Identified the -7 pair of gloves of Sloth {Int+6}
  9274 | D:6      | Reached skill level 1 in Shields
  9727 | D:6      | Reached XP level 9. HP: 65/65 MP: 8/12
 10189 | D:6      | Noticed Eustachio
 10211 | D:6      | Killed Eustachio
 10212 | D:6      | Reached skill level 8 in Ice Magic
 10284 | D:6      | Found Xuik Xaliss's General Store.
 10424 | D:7      | Noticed Harold
 10689 | D:7      | Found a shimmering blue altar of Sif Muna.
 10754 | D:7      | Found a radiant altar of Vehumet.
 11273 | D:7      | You fall into a shaft and drop 2 floors!
 11430 | D:9      | Found an ornate altar of the Wu Jian Council.
 11480 | D:9      | Identified the +4 mace of the Bouncing Demons {holy, Fly
                  | rPois Dex+2}
 11481 | D:9      | Found a flagged portal.
 11837 | Bailey   | Entered a bailey
 12062 | Bailey   | Reached skill level 10 in Polearms
 12144 | Bailey   | Noticed an orc knight
 12240 | Bailey   | Killed an orc knight
 12241 | Bailey   | Reached skill level 5 in Fighting
 12241 | Bailey   | Reached skill level 9 in Ice Magic
 12452 | D:7      | Found Seomn's Jewellery Shop.
 12464 | D:7      | Learned a level 4 spell: Hailstorm
 12475 | D:7      | Became a worshipper of Sif Muna the Loreminder
 12540 | D:7      | Found a snail-covered altar of Cheibriados.
 13064 | D:7      | Killed Harold
 13065 | D:7      | Reached skill level 1 in Conjurations
 13065 | D:7      | Reached XP level 10. HP: 48/74 MP: 3/13
 13509 | D:7      | Found Dupu's Distillery.
 13547 | D:7      | Found a staircase to the Ecumenical Temple.
 13719 | D:8      | Found a staircase to the Lair.
 14503 | D:8      | Reached skill level 10 in Ice Magic
 16705 | D:8      | Found a staircase to the Lair.
 17065 | D:9      | Reached * piety under Sif Muna
 17457 | D:9      | Reached skill level 11 in Ice Magic
 17618 | D:9      | Reached XP level 11. HP: 60/79 MP: 12/16
 18148 | D:9      | Noticed a wizard
 18154 | D:9      | Killed a wizard
 18364 | D:10     | Entered Level 10 of the Dungeon
 18686 | D:10     | Reached skill level 5 in Spellcasting
 18686 | D:10     | Paralysed by a kobold brigand for 2 turns
 18692 | D:10     | Paralysed by a kobold brigand for 7 turns
 18832 | D:10     | Found a faded altar of an unknown god.
 18833 | D:10     | Found a hazy altar of Hepliaklqana.
 18875 | D:10     | Reached skill level 5 in Conjurations
 19389 | D:10     | Found a staircase to the Orcish Mines.
 19905 | Lair:1   | Entered Level 1 of the Lair of Beasts
 19915 | Lair:1   | Reached ** piety under Sif Muna
 20307 | Lair:1   | Reached skill level 5 in Dodging
 20595 | Lair:1   | Reached skill level 5 in Stealth
 20912 | Lair:1   | Reached XP level 12. HP: 41/86 MP: 11/19
 21840 | Lair:1   | Found the +8 whip "Snakebite" {venom, curare, rPois}
 22060 | Lair:1   | Reached skill level 10 in Dodging
 22401 | Lair:2   | Noticed a catoblepas
 22455 | Lair:2   | Killed a catoblepas
 22455 | Lair:2   | Reached *** piety under Sif Muna
 22463 | Lair:2   | Reached skill level 1 in Hexes
 22874 | D:1      | Acquired 901 gold pieces
 22876 | D:1      | Bought a book of Beasts for 532 gold pieces
 22881 | D:1      | Learned a level 4 spell: Summon Ice Beast
 23200 | Lair:1   | Acquired a book of Ice
 24046 | D:7      | Bought 3 potions of heal wounds for 195 gold pieces
 24622 | Lair:3   | Reached skill level 12 in Ice Magic
 24622 | Lair:3   | Reached XP level 13. HP: 94/94 MP: 16/20
 24651 | Lair:3   | Found a staircase to the Snake Pit.
 24900 | Lair:3   | Found a staircase to the Swamp.
 25184 | Lair:3   | Noticed Snorg
 25202 | Lair:3   | Killed Snorg
 25378 | Lair:3   | Reached **** piety under Sif Muna
 25974 | Lair:3   | Reached skill level 13 in Ice Magic
 26438 | Lair:3   | Reached skill level 5 in Hexes
 27849 | Lair:4   | Reached skill level 14 in Ice Magic
 28267 | Lair:4   | Reached XP level 14. HP: 45/103 MP: 5/21
 28273 | Lair:4   | Reached ***** piety under Sif Muna
 29032 | Lair:4   | Reached skill level 15 in Polearms
 29510 | Lair:5   | Received a gift from Sif Muna
 29513 | Lair:5   | Got Sif Muna's Almanac of the Entrancing Frostbite {god
                  | gift}
 29563 | Lair:5   | Found a staircase to the Slime Pits.
 29570 | Lair:5   | Found a viscous altar of Jiyva.
 29583 | Lair:5   | Reached skill level 15 in Ice Magic
 30444 | Lair:6   | Entered Level 6 of the Lair of Beasts
 31131 | Lair:6   | Reached skill level 16 in Ice Magic
 31443 | Lair:6   | Reached skill level 1 in Air Magic
 31445 | Lair:6   | Reached skill level 1 in Armour
 32292 | Lair:6   | HP: 3/103 [death yak (10)]
 32853 | Lair:6   | Reached XP level 15. HP: 19/108 MP: 20/23
 33280 | Lair:6   | Identified the +4 spear of Indomitability {pain, rCorr}
 33622 | Lair:6   | Received a gift from Sif Muna
 33684 | Lair:6   | Got Sif Muna's Tome of the Escort and Execration {god gift}
 34310 | Lair:4   | Identified the +9 quick blade "Fyol Kurad" {freeze, rF+}
 34460 | Orc:1    | Entered Level 1 of the Orcish Mines
 34618 | Orc:1    | Noticed Maurice
 34624 | Orc:1    | Killed Maurice
 35495 | Orc:2    | Entered Level 2 of the Orcish Mines
 35515 | Orc:2    | Noticed Donald
 35542 | Orc:1    | Learned a level 5 spell: Metabolic Englaciation
 35549 | Orc:1    | Learned a level 5 spell: Freezing Cloud
 35574 | Orc:1    | Demolished by Donald

Illustrated notes

Levels and vault maps discovered:
D:1:      dpeg_arrival_court, layout_loops_corners,
          shapermc_ecumenical_altar_flowoftime, serial_shops, shop,
          chequers_serial_rivers_small_b
D:2:      layout_basic, serial_shops, nicolae_shop_behind_doors, basic_altar,
          minmay_tall_x, uniq_robin
D:3:      layout_basic, uniq_terence
D:4:      layout_loops_ring, xom_redecorated, serial_shops, shop, uniq_grinder,
          uniq_menkaure
D:5:      layout_cave_pools, serial_column_ruins,
          column_ruins_courtyard_long_water, column_ruins_grid_1,
          column_ruins_open_tiny, column_ruins_open_tiny, column_ruins_grid_3,
          column_ruins_columns_T, column_ruins_grid_1, serial_shops,
          nicolae_shop_overgrown_old_shop, minmay_misc_feat_rugged
D:6:      layout_cave_pods, nicolae_stop_n_shop_2, uniq_eustachio
D:7:      layout_basic, mainiacjoe_overflow_large_starburst, chei_slow_surprise,
          minmay_temple_entry_proselytizer, serial_shops, nicolae_stop_n_shop_1,
          nicolae_shop_waterfront, uniq_harold
D:8:      layout_rooms, lair_entry_dummy, corexii_corridor_pit
D:9:      layout_basic, mainiacjoe_overflow_paths, enter_bailey_2,
          minmay_misc_feat_chi, minmay_alternating_orb
D:10:     layout_basic, beargit_hepliaklqana_dungeon_heroes, orc_0_dummy
Lair:1:   minmay_guarded_unrand_snakebite, layout_regular_city,
          gauntlet_entry_generic
Lair:2:   layout_long_grid
Lair:3:   nzn_winding_woodlands_medium [nzn_winding_woodlands_5x5_checkerboard,
          nzn_winding_woodlands_5x15_jagged,
          nzn_winding_woodlands_5x5_closed_star,
          nzn_winding_woodlands_5x5_open_star,
          nzn_winding_woodlands_center_pierced_h,
          nzn_winding_woodlands_5x5_perimeter, nzn_winding_woodlands_hourglass,
          nzn_winding_woodlands_5x15_parted, nzn_winding_woodlands_5x5_cross],
          layout_regular_city, minmay_swamp_entry_worms,
          minmay_snake_entry_six_corridors, uniq_snorg
Lair:4:   layout_cave_pods
Lair:5:   layout_roguey, slime_altar_1
Lair:6:   grunt_lair_end_beastmaster, layout_cave_pods,
          minmay_lair_oklob_chamber, serial_bayou_shore_b
Orc:1:    layout_diamond_mine, uniq_maurice
Orc:2:    grunt_orc_cross, layout_caves, nicolae_shop_self_help, uniq_donald

Skill      XL: |  1  2  3  4  5  6  7  8  9 10 11 12 13 14 15 |
---------------+----------------------------------------------+-----
Ice Magic      | 5 6 7 9 11 12 14 16 | 16.7
Fighting       | 2 3 5 6 7 |  7.5
Polearms       | 3 5 6 8 11 12 14 15 | 15.1
Summonings     | 1 4 5 6 |  6.0
Shields        | 1 4 |  4.0
Conjurations   | 1 3 6 7 |  7.0
Spellcasting   | 3 5 6 |  6.2
Dodging        | 7 10 11 | 11.0
Stealth        | 5 |  5.0
Hexes          | 3 5 |  5.0
Air Magic      | 2 3 |  3.0
Armour         | 2 |  2.9

Action                   |  1- 3 |  4- 6 |  7- 9 | 10-12 | 13-15 || total
-------------------------+-------+-------+-------+-------+-------++-------
Melee: Short sword       |     5 |       |       |       |       ||     5
       Dagger            |     7 |     5 |       |       |       ||    12
       Spear             |       |    96 |     1 |       |       ||    97
       Trident           |       |       |   189 |   478 |   838 ||  1505
 Cast: Freeze            |    47 |    48 |    52 |    28 |     2 ||   177
       Frozen Ramparts   |     4 |    14 |    33 |    63 |    83 ||   197
       Ozocubu's Armour  |       |       |     4 |     7 |    11 ||    22
       Hailstorm         |       |       |       |    36 |    22 ||    58
       Summon Ice Beast  |       |       |       |     3 |     2 ||     5
  Use: Scroll            |       |     3 |     8 |    12 |     5 ||    28
       Potion            |       |       |     2 |     7 |     5 ||    14
 Stab: Sleeping          |     2 |     5 |     4 |     1 |     3 ||    15
       Distracted        |       |     1 |     2 |     1 |     1 ||     5
       Petrified         |       |       |       |     6 |     8 ||    14
Armor: Robe              |    12 |    34 |    20 |       |       ||    66
       Leather armour    |       |       |    23 |    25 |       ||    48
       Scale mail        |       |       |       |   109 |   158 ||   267
Dodge: Dodged            |    36 |    64 |    96 |   183 |   209 ||   588
Block: Buckler           |       |       |    45 |   202 |   222 ||   469
       Reflection        |       |       |     8 |    14 |     2 ||    24

Table legend: (Time is in decaauts)
 A = Elapsed time spent in this place.
 B = Non-inter-level travel time spent in this place.
 C = Inter-level travel time spent in this place.
 D = Time resting spent in this place.
 E = Time spent auto-exploring this place.
 F = Levels seen in this place.
 G = Mean time per level.
                   A        B        C        D        E       F      G
               +--------+--------+--------+--------+--------+-----+--------+
         Total |  35107 |  32948 |   2159 |   6557 |  20877 |  19 | 1847.7 |
       Dungeon |  20158 |  18627 |   1531 |   4946 |  10590 |  10 | 2015.8 |
          Lair |  13296 |  12735 |    561 |   1585 |   9156 |   6 | 2216.0 |
  Orcish Mines |   1087 |   1020 |     67 |      5 |    764 |   2 |  543.5 |
        Bailey |    564 |    564 |      0 |     21 |    367 |   1 |  564.0 |
               +--------+--------+--------+--------+--------+-----+--------+

Top non-repeatable levels by time:
  Lair:6: 3710 daAuts
     D:7: 3028 daAuts
  Lair:1: 2567 daAuts
     D:2: 2482 daAuts
  Lair:4: 2424 daAuts
     D:5: 2380 daAuts
     D:6: 2169 daAuts
  Lair:3: 2142 daAuts
     D:8: 2142 daAuts
     D:4: 2053 daAuts
     D:9: 1895 daAuts
     D:1: 1517 daAuts
    D:10: 1484 daAuts
  Lair:2: 1292 daAuts
  Lair:5: 1158 daAuts
